[Event "*** Titled Tuesday Blitz"]
[Site "Chess.com"]
[Date "2020.10.20"]
[Round "2"]
[White "Sergey85Rodchenkov"]
[Black "chesslh19"]
[Result "1/2-1/2"]
[WhiteElo "2419"]
[BlackElo "2220"]
[TimeControl "180+1"]
[EndTime "10:18:07 PDT"]
[Termination "Game drawn by repetition"]

1. e4 e5 2. Nf3 Nf6 3. Nxe5 d6 4. Nf3 Nxe4 5. d4 d5 6. Bd3 Be7 7. O-O Nc6 8. Re1 Bg4 9. c3 f5 10. Nbd2 O-O 11. Nf1 Bd6 12. h3 Bh5 13. b4 Ne7 14.
Bd2 c6 15. a4 a6 16. a5 Bxf3 17. Qxf3 Nxd2 18. Nxd2 Qd7 19. Nb3 g6 20. Nc5 Bxc5 21.
bxc5 Rfe8 22. Rab1 Kg7 23. Qf4 Ng8 24. Re5 Rxe5 25. Qxe5+ Nf6 26. c4 Re8 27. Qd6 Rd8 28.
Qxd7+ Rxd7 29. cxd5 Nxd5 30. Bc4 Nc3 31. Rb3 Nb5 32. d5 cxd5 33. Bxb5 axb5 34. Rxb5 d4 35. Kf1 Kf6 36. f4 Ke6 37. Ke2 Kd5 38. Kd3 Kc6 39. Kc4 d3 40. Rb6+ Kc7 41. Rb1 Kc6 42. Rb6+ Kc7 43. Rb1 Kc6 44. Rb6+ 1/2-1/2

[Event "*** Titled Tuesday Blitz"]
[Site "Chess.com"]
[Date "2020.10.20"]
[Round "2"]
[White "mjray79"]
[Black "julinha97"]
[Result "0-1"]
[WhiteElo "2417"]
[BlackElo "2246"]
[TimeControl "180+1"]
[EndTime "10:18:09 PDT"]
[Termination "julinha97 won by checkmate"]

1. d4 Nf6 2. c4 g6 3. Nc3 d5 4.
cxd5 Nxd5 5. e4 Nxc3 6. bxc3 c5 7.
Nf3 Bg7 8. Bg5 O-O 9. Be2 Nc6 10. Be3 Bg4 11. e5 cxd4 12. cxd4 Qa5+ 13. Bd2 Qd5 14. Bc3 Rfd8 15. O-O Rac8 16. Rc1 Bh6 17. Rc2 Bf5 18. Bd3 Bxd3 19. Qxd3 Nxe5 20. Nxe5 Qxe5 21. Qh3 Qe4 22. Rb2 Bg7 23. Re1 Qc6 24. Ba5 b6 25. Bb4 Rxd4 26. Bxe7 Re4 27. Rbb1 Re8 28. Qa3 Bf8 29.
Rec1 Bxe7 30. Qxa7 Bc5 31. h3 Qf6 32. Rc2 Re1+ 33.
Rxe1 Rxe1+ 34. Kh2 Bxf2 35. Qb8+ Kg7 36. g3 Bc5 37.
Qc7 Qa1 38. Kg2 Rg1+ 39. Kf3 Qf1+ 40. Ke4 Qf5# 0-1

[Event "*** Titled Tuesday Blitz"]
[Site "Chess.com"]
[Date "2020.10.20"]
[Round "2"]
[White "DrMamaliga"]
[Black "AurumO"]
[Result "1-0"]
[WhiteElo "2361"]
[BlackElo "1949"]
[TimeControl "180+1"]
[EndTime "10:18:09 PDT"]
[Termination "DrMamaliga won by checkmate"]

1. c4 e6 2. Nf3 Nf6 3. b3 d5 4. g3 c5 5. Bg2 Nc6 6. O-O Be7 7. Bb2 O-O 8. e3 h6 9. Qe2 d4 10. exd4 Nxd4 11. Nxd4 cxd4 12. Qe5 d3 13. Nc3 Bd7 14. Bxb7 Rb8 15. Bg2 Qc8 16. Rfe1 Bc6 17. Bxc6 Qxc6 18. Ne4 Rfd8 19. Qf4 Nxe4 20. Qxe4 Qxe4 21.
Rxe4 Bb4 22. Rd1 Rd7 23. a3 Be7 24. b4 a5 25. b5 Bc5 26. Rc1 a4 27. Kf1 Rbd8 28.
Bc3 Bxa3 29. Ra1 Bc5 30. Rxa4 Ra7 31. Rxa7 Bxa7 32. Ba5 Rc8 33. b6 Bb8 34. Rd4 Be5 35.
Rxd3 Rxc4 36. b7 Rc1+ 37. Ke2 Rb1 38. Rd7 g6 39. f4 Bf6 40. Bc3 Bxc3 41. dxc3 Kg7 42.
c4 Rb2+ 43. Kd1 Kf6 44. c5 Rb1+ 45. Kc2 Rb5 46. c6 Rc5+ 47. Kb1 Rxc6 48. b8=Q Rc5 49. Qf8 Rb5+ 50. Kc2 Ra5 51. Qxf7# 1-0

[Event "*** Titled Tuesday Blitz"]
[Site "Chess.com"]
[Date "2020.10.20"]
[Round "2"]
[White "Semetey"]
[Black "Zkid"]
[Result "0-1"]
[WhiteElo "2522"]
[BlackElo "2825"]
[TimeControl "180+1"]
[EndTime "10:18:10 PDT"]
[Termination "Zkid won on time"]

1. d4 d5 2. c4 dxc4 3. Nf3 Nf6 4. e3 e6 5. Bxc4 c5 6. O-O Nc6 7. Nc3 a6 8. dxc5 Qxd1 9. Rxd1 Bxc5 10. a3 Ke7 11. b4 Bd6 12. Nd2 Be5 13. Bb2 b5 14. Be2 g5 15. Nb3 Nd7 16. Bf3 Bb7 17. Rac1 Rac8 18.
Rxd7+ Kxd7 19. Nc5+ Kc7 20. Bxc6 Bxc6 21. Nxb5+ axb5 22. Bxe5+ Kb6 23. Bxh8 Rxh8 24. Rc3 Bd5 25. f3 Bc4 26. Kf2 Rd8 27. Ke1 h5 28. a4 h4 29.
a5+ Kc6 30. Rc2 h3 31. g3 f5 32. Rd2 Ra8 33. Rd7 g4 34. f4 e5 35. fxe5 Re8 36.
Rd6+ Kc7 37. Rd7+ Kc6 38. a6 Rxe5 39. a7 Rxe3+ 40. Kd2 Ra3 41. Rh7 Bd5 42. Kc2 Kb6 43. Kb2 Ra2+ 44. Kc3 Rxh2 45. Rd7 Ba8 46. Rd8 Kxa7 47.
Rd7+ Kb6 48. Rd6+ Kc7 49. Rd7+ Kc6 50. Rf7 Rg2 51. Rf6+ Kc7 52. Rxf5 Rxg3+ 53. Kd4 h2 54. Rh5 h1=Q 55. Rxh1 Bxh1 0-1

[Event "*** Titled Tuesday Blitz"]
[Site "Chess.com"]
[Date "2020.10.20"]
[Round "2"]
[White "WPWPWP-2015"]
[Black "KetiGrant"]
[Result "0-1"]
[WhiteElo "2443"]
[BlackElo "2299"]
[TimeControl "180+1"]
[EndTime "10:18:10 PDT"]
[Termination "KetiGrant won by checkmate"]

1. e4 c5 2. Nf3 Nc6 3. Bb5 g6 4. O-O Bg7 5. c3 Nf6 6. Qe2 O-O 7.
Rd1 e5 8. h3 Nh5 9. d3 d6 10. a4 Be6 11. Ng5 Bb3 12. Rf1 Nf4 13.
Bxf4 exf4 14. Nf3 a6 15. Bxc6 bxc6 16. Nbd2 Be6 17. d4 cxd4 18. cxd4 g5 19. Qd3 Rb8 20.
Qxa6 Rxb2 21. Qxc6 h5 22. Qc3 Rb8 23. Rfb1 g4 24.
hxg4 hxg4 25. Ne1 Qh4 26. Nf1 Rbc8 27. Qd2 Rc4 28. Qxf4 Rxd4 29. Qg3 Qh5 30. a5 Be5 31. f4 Bf6 32. Ne3 Rxe4 33. f5 Be5 34. Qf2 Qh2+ 35.
Kf1 Rf4 36. Nf3 gxf3 37. g3 Qh1+ 38. Qg1 Qh3+ 39. Kf2 Rd4 40. Rd1 Bxf5 41. Nxf5 Qxf5 42. Qe1 Qc2+ 43. Kf1 Qg2# 0-1

[Event "*** Titled Tuesday Blitz"]
[Site "Chess.com"]
[Date "2020.10.20"]
[Round "2"]
[White "yobdc"]
[Black "Margarita2907"]
[Result "0-1"]
[WhiteElo "2383"]
[BlackElo "2178"]
[TimeControl "180+1"]
[EndTime "10:18:10 PDT"]
[Termination "Margarita2907 won by resignation"]

1. e4 c5 2. Nf3 d6 3. d4 cxd4 4.
Nxd4 Nf6 5. Nc3 a6 6. Be2 e5 7. Nb3 Be7 8. Bg5 Be6 9. Bxf6 Bxf6 10. Qd3 O-O 11. O-O-O Be7 12. Kb1 Nc6 13. Nd5 Bxd5 14. Qxd5 Rc8 15. c3 b5 16. h4 Qb6 17. Rhf1 b4 18. c4 a5 19. Qb5 Qa7 20. Qa4 Rfd8 21.
Rd5 Bxh4 22. g3 Be7 23. Bg4 Rc7 24. Nxa5 Ra8 25. c5 dxc5 26. Rfd1 Nxa5 27. Rxe5 Nc6 28.
Qxa7 Rcxa7 29. Red5 Rxa2 30. Rd7 Bf6 31. e5 Nxe5 32. Rb7 Nxg4 33. Rd2 Ra1+ 34. Kc2 g6 35. Rdd7 R8a2 36. Rxf7 Rxb2+ 37. Kd3 Ne5+ 0-1

[Event "*** Titled Tuesday Blitz"]
[Site "Chess.com"]
[Date "2020.10.20"]
[Round "2"]
[White "Oleksandr_Bortnyk"]
[Black "elcandado"]
[Result "1-0"]
[WhiteElo "2881"]
[BlackElo "2568"]
[TimeControl "180+1"]
[EndTime "10:18:11 PDT"]
[Termination "Oleksandr_Bortnyk won on time"]

1. e4 e5 2. Nf3 Nc6 3. d4 exd4 4. Nxd4 Bc5 5. Be3 Qf6 6. c3 Nge7 7. Bc4 Ne5 8. Be2 Qg6 9. O-O d6 10. Kh1 O-O 11. f3 Kh8 12. Nd2 f5 13. f4 Nf7 14.
Rf3 Nh6 15. Rg3 Qf6 16. b4 Bb6 17. Qb3 c5 18. bxc5 dxc5 19. e5 Qf7 20. Bc4 Qe8 21.
Nb5 Ng4 22. Nd6 Qd8 23. Bg1 Ng6 24. Rf1 h6 25. Bf7 Nh4 26. N2c4 Bd7 27. Bd5 Bc6 28. Bxc6 bxc6 29. Nxf5 Nxf5 30. Rxg4 Rb8 31. Qc2 Qe7 32. Rg6 Qf7 33. Nxb6 axb6 34. Rxc6 Qc4 35. Rf3 Rbd8 36. Rxb6 Rd5 37. Rb1 1-0

[Event "*** Titled Tuesday Blitz"]
[Site "Chess.com"]
[Date "2020.10.20"]
[Round "2"]
[White "Klavdia_Nik"]
[Black "lucachess49"]
[Result "0-1"]
[WhiteElo "2081"]
[BlackElo "2381"]
[TimeControl "180+1"]
[EndTime "10:18:11 PDT"]
[Termination "lucachess49 won by resignation"]

1. Nf3 Nf6 2. c4 e6 3. b3 b6 4. g3 Bb7 5. Bg2 d6 6. Bb2 Nbd7 7. d4 g6 8. Nc3 Bg7 9. O-O O-O 10. Qc2 Qe7 11.
e4 c5 12. Rad1 Rfd8 13. Rfe1 Rac8 14. h3 a6 15. e5 dxe5 16. dxe5 Ne8 17. Ne4 Nb8 18.
Kh2 Nc6 19. Bc3 Rc7 20. Qb2 Rcd7 21. Rxd7 Rxd7 22. Nfd2 Qd8 23. f4 Rd3 24. Bf1 Rd7 25. Nf3 Nd4 26. Nfd2 f6 27. exf6 Nxf6 28. Bg2 Nxe4 29.
Nxe4 e5 30. Qc1 Rf7 31. Ng5 Re7 32. Bxb7 Rxb7 33. fxe5 Qxg5 34. Qxg5 Nf3+ 35. Kg2 Nxg5 36. e6 Re7 37. Bxg7 Kxg7 0-1

[Event "*** Titled Tuesday Blitz"]
[Site "Chess.com"]
[Date "2020.10.20"]
[Round "2"]
[White "ThePatrick27"]
[Black "chessmachine14"]
[Result "1/2-1/2"]
[WhiteElo "2553"]
[BlackElo "2328"]
[TimeControl "180+1"]
[EndTime "10:18:12 PDT"]
[Termination "Game drawn - insufficient material"]

1. d4 Nf6 2. Nf3 g6 3. c4 Bg7 4. Nc3 O-O 5. e4 d6 6. Be2 e5 7. d5 a5 8. Bg5 h6 9. Be3 Ng4 10. Bd2 f5 11. h3 Nxf2 12. Kxf2 fxe4 13. Nxe4 Qh4+ 14. Ng3 e4 15. Bc3 exf3 16. gxf3 Nd7 17. Qc2 Bxc3 18. Qxc3 Ne5 19. Kg2 Bf5 20. Rad1 Qf6 21. f4 Nd7 22. Qxf6 Nxf6 23. Nxf5 gxf5 24. Bf3 Rae8 25. Rhe1 Ne4 26. Re3 Kf7 27. Rde1 Nf6 28. Kf2 Rxe3 29. Rxe3 Re8 30. Rb3 b6 31. Re3 Rxe3 32.
Kxe3 Ke7 33. Kd4 Nd7 34. Bd1 Nc5 35. Bc2 Kf6 36. b3 Nd7 37. a3 Nf8 38. b4 axb4 39. axb4 Ng6 40. Ke3 Nh4 41. Bd3 Ng2+ 42. Kf3 Ne1+ 43.
Ke3 Nxd3 44. Kxd3 Kg6 45. c5 bxc5 46. bxc5 Kh5 47. cxd6 cxd6 48. Kc4 Kh4 49. Kb5 Kxh3 50. Kc6 Kg4 51. Kxd6 h5 52. Ke5 h4 53. d6 h3 54. d7 h2 55. d8=Q h1=Q 56. Qg5+ Kf3 57. Qxf5 Qe1+ 58. Kf6 Qc3+ 59. Qe5 Qc6+ 60. Ke7 Qb7+ 61.
Ke6 Qc6+ 62. Kf7 Qd7+ 63. Kg6 Qg4+ 64. Qg5 Qxf4 65. Qxf4+ Kxf4 1/2-1/2

[Event "*** Titled Tuesday Blitz"]
[Site "Chess.com"]
[Date "2020.10.20"]
[Round "2"]
[White "LaPorfia"]
[Black "chenxiaoyuer"]
[Result "0-1"]
[WhiteElo "2300"]
[BlackElo "2517"]
[TimeControl "180+1"]
[EndTime "10:18:12 PDT"]
[Termination "chenxiaoyuer won by checkmate"]

1. d4 Nf6 2. Nf3 g6 3. Bf4 Bg7 4. Nc3 d5 5. e3 O-O 6. Be2 c5 7. O-O cxd4 8. exd4 Nc6 9. Re1 Ne4 10. Nxe4 dxe4 11. Ne5 Nxd4 12. Bc4 Ne6 13. Bxe6 Bxe6 14.
Rxe4 Qxd1+ 15. Rxd1 Bf5 16. Re2 Rfd8 17. Red2 Rxd2 18.
Rxd2 g5 19. Bg3 h5 20. h3 h4 21. Bh2 Rc8 22. c3 Rc5 23. Rd8+ Kh7 24. Nf3 Be4 25. Nd4 Rd5 26. Rxd5 Bxd5 27. f4 gxf4 28. Nf5 e5 29. Nxg7 Kxg7 30. a3 Kg6 31. Kf1 Kf5 32. Bg1 a5 33. a4 Bb3 34. Bb6 Bxa4 35. Bxa5 Ke4 36. Bd8 Kd3 37. Bxh4 e4 38. Bf6 e3 39. Ke1 Bc6 40. Be5 Bxg2 41. Bxf4 Bxh3 42. Bg5 Ke4 43.
Bh6 f5 44. c4 f4 45. c5 f3 46. b4 f2+ 47. Ke2 f1=Q# 0-1

[Event "*** Titled Tuesday Blitz"]
[Site "Chess.com"]
[Date "2020.10.20"]
[Round "2"]
[White "TudorAnton"]
[Black "Mazetovic"]
[Result "0-1"]
[WhiteElo "2485"]
[BlackElo "2755"]
[TimeControl "180+1"]
[EndTime "10:18:13 PDT"]
[Termination "Mazetovic won by resignation"]

1. d4 Nf6 2. c4 g6 3. Nf3 Bg7 4. g3 O-O 5. Bg2 d6 6. O-O c6 7. Nc3 Qa5 8. h3 e5 9. e4 Nbd7 10. Re1 Re8 11. d5 cxd5 12. cxd5 b5 13. a3 a6 14. b4 Qc7 15. Qb3 Nb6 16. Bg5 Nc4 17. a4 Bd7 18. Bf1 Rec8 19. Rec1 Qb7 20.
axb5 axb5 21. Rxa8 Qxa8 22. Bxf6 Bxf6 23. Nxb5 Bxb5 24.
Bxc4 Rc7 25. Rc2 Qc8 26. Bd3 Bd7 27. Rxc7 Qxc7 28. Kg2 Bd8 29. Qc4 Qb8 30. Ne1 Bb6 31. Be2 h5 32. Qa2 Qc7 33. Qc4 Qa7 34.
Nd3 Qa1 35. Qc1 Qd4 36. Qc2 f5 37. Qa2 fxe4 38. Qa8+ Kg7 39. Qb7 exd3 40. Qxd7+ Kh6 41. Qe8 Qxf2+ 0-1

[Event "*** Titled Tuesday Blitz"]
[Site "Chess.com"]
[Date "2020.10.20"]
[Round "2"]
[White "FMJoseHerrera"]
[Black "JoachimMouhamad"]
[Result "1-0"]
[WhiteElo "2543"]
[BlackElo "2308"]
[TimeControl "180+1"]
[EndTime "10:18:13 PDT"]
[Termination "FMJoseHerrera won on time"]

1. Nf3 Nf6 2. g3 g6 3. Bg2 Bg7 4. d3 O-O 5. Nc3 d5 6. h4 Nc6 7. h5 e5 8. hxg6 fxg6 9. Bh6 Bxh6 10. Rxh6 d4 11. Ne4 Nxe4 12. dxe4 Qe7 13. Qd2 Bg4 14.
O-O-O Bxf3 15. exf3 Rf7 16. Rdh1 Rd8 17. Bf1 Qc5 18.
Qg5 Rd6 19. Qd2 b5 20. Kb1 a6 21. a3 Rdf6 22. Be2 Qd6 23. Qg5 Ne7 24. f4 Re6 25. f5 Ref6 26. f4 c5 27. fxg6 Rxg6 28. Rxg6+ Qxg6 29. Qxe5 Qg7 30. Qxc5 Ng6 31. e5 Nf8 32. Bf3 Rc7 33. Qxd4 Kh8 34. Be4 Ne6 35. Qd6 Qg8 36. f5 Ng5 37. Qxc7 Nxe4 38. f6 Nd2+ 39. Ka1 Nc4 40. f7 Qf8 41. e6 Qg7 42. Qd8+ 1-0

[Event "*** Titled Tuesday Blitz"]
[Site "Chess.com"]
[Date "2020.10.20"]
[Round "2"]
[White "r31415"]
[Black "sopo-tereladze"]
[Result "0-1"]
[WhiteElo "2443"]
[BlackElo "2299"]
[TimeControl "180+1"]
[EndTime "10:18:13 PDT"]
[Termination "sopo-tereladze won by checkmate"]

1. d4 Nf6 2. c4 e6 3. Nf3 d5 4. g3 Be7 5. Bg2 O-O 6. O-O dxc4 7. Qc2 c5 8. Rd1 Qa5 9. Qxc4 Nc6 10. Nbd2 cxd4 11. Nb3 Qd5 12. Qc2 Qh5 13. Nbxd4 Nxd4 14. Rxd4 Bd7 15. Rh4 Qg6 16. Qxg6 hxg6 17. Ne5 Bb5 18.
Bxb7 Rab8 19. Bf3 Nd5 20. Rd4 Bf6 21. Bf4 g5 22. Bxd5 gxf4 23. gxf4 exd5 24. Rxd5 Bxe2 25. Nd7 Rxb2 26. Nxf8 Kxf8 27. a4 g6 28. Rc1 Kg7 29. Rd7 Bg4 30. Rxa7 Bd4 31. Rac7 Bxf2+ 32. Kg2 Bb6+ 33. Kg3 Bxc7 34. Rxc7 Bf5 35. a5 Ra2 36. Ra7 Kf6 37. h4 Bd3 38. Rb7 Rxa5 39. Rb6+ Kg7 40.
Rb3 Bf5 41. Re3 Rd5 42. Rc3 Rd3+ 43. Rxd3 Bxd3 44. Kg4 Bf5+ 45. Kg5 f6# 0-1

[Event "*** Titled Tuesday Blitz"]
[Site "Chess.com"]
[Date "2020.10.20"]
[Round "2"]
[White "SantoBlue"]
[Black "rynos0411"]
[Result "1-0"]
[WhiteElo "2774"]
[BlackElo "2498"]
[TimeControl "180+1"]
[EndTime "10:18:14 PDT"]
[Termination "SantoBlue won by resignation"]

1. Nf3 Nf6 2. g3 e6 3. Bg2 d5 4. O-O Be7 5. b3 O-O 6. c4 c6 7. Bb2 Nbd7 8. d3 a5 9. a3 Re8 10. Nbd2 Qc7 11. e4 dxe4 12. Nxe4 Nxe4 13. dxe4 e5 14.
Qc2 Bf8 15. Nh4 Nc5 16. Rae1 Be6 17. Kh1 Rad8 18. Re3 g6 19. f4 exf4 20. gxf4 Qe7 21. Qc3 f6 22. f5 Bf7 23. fxg6 hxg6 24. Nf5 gxf5 25. Rg3+ Bg7 26. Qxf6 Qxf6 27. Bxf6 Rd3 28. Rxg7+ Kf8 29. e5 Rxb3 30. Rh7 Bxc4 31. Rg1 Bg8 32. Rg7 Bf7 33. Rh7 Bg8 34. Rg7 Bf7 35. h4 Ne4 36. Bxe4 fxe4 37. Rh7 Rh3+ 38. Kg2 Rf3 39. Kh2 Rf2+ 40.
Kh1 Rf3 41. Rh8+ Bg8 42. Rgxg8+ Kf7 43. Rxe8 1-0

[Event "*** Titled Tuesday Blitz"]
[Site "Chess.com"]
[Date "2020.10.20"]
[Round "2"]
[White "Leonid_Starozhilov"]
[Black "CrazyMartian"]
[Result "1-0"]
[WhiteElo "2640"]
[BlackElo "2312"]
[TimeControl "180+1"]
[EndTime "10:18:14 PDT"]
[Termination "Leonid_Starozhilov won by checkmate"]

1. e4 c5 2. Nf3 d6 3. Bb5+ Bd7 4. Bc4 Nf6 5. d3 Nc6 6. O-O e6 7. c3 Be7 8. Nbd2 O-O 9. Bb3 b5 10. d4 cxd4 11. cxd4 d5 12. e5 Ne4 13. Bc2 Nxd2 14.
Qxd2 Rc8 15. a3 Na5 16. Qd3 g6 17. Bh6 Re8 18. Rac1 Nc4 19. Rb1 a5 20. g3 b4 21.
axb4 axb4 22. h4 Qb6 23. Ng5 Red8 24. h5 Be8 25. hxg6 hxg6 26. Kg2 b3 27. Bxb3 Nd2 28. Qxd2 Qxb3 29. Rbc1 Rc4 30. Rc3 Rxc3 31. bxc3 Rc8 32.
Rc1 Qc4 33. Qf4 Bf8 34. Bxf8 Kxf8 35. Nxe6+ Ke7 36. Qf6+ Kd7 37. Nf8+ Kc7 38. Qd6+ Kb7 39. Rb1+ Bb5 40. Nd7 Rc6 41. Qb8+ Ka6 42. Qa8# 1-0

[Event "*** Titled Tuesday Blitz"]
[Site "Chess.com"]
[Date "2020.10.20"]
[Round "2"]
[White "PauloCesarCosta_sad"]
[Black "Kildepiotr"]
[Result "0-1"]
[WhiteElo "2267"]
[BlackElo "2662"]
[TimeControl "180+1"]
[EndTime "10:18:15 PDT"]
[Termination "Kildepiotr won on time"]

1. Nf3 g6 2. d4 Bg7 3. e3 d6 4.
Be2 Nd7 5. b3 e5 6. Bb2 Ngf6 7.
dxe5 Ng4 8. O-O O-O 9. Nbd2 Ngxe5 10. Nxe5 Nxe5 11. Qc1 a5 12. Nf3 a4 13. Nxe5 dxe5 14. Bb5 c6 15. Be2 Bf5 16. Bc3 Qb6 17. Rd1 Qc5 18.
Qd2 Rfe8 19. Rac1 Bf6 20. Bb4 Qb6 21. Qe1 axb3 22. axb3 Ra2 23. Bd3 Bxd3 24. Rxd3 Rd8 25. Rxd8+ Qxd8 26. Qd2 Qxd2 27. Bxd2 e4 28. Kf1 Bb2 29.
Rb1 Ba3 30. Bc1 Bb4 31. Bb2 f5 32. Ke2 Kf7 33. Kd1 Ke6 34. c3 Bd6 35. g3 g5 36.
Kc2 f4 37. exf4 gxf4 38. Ra1 Rxa1 39. Bxa1 Kf5 40. Kd1 f3 41. Kd2 Bc5 42. Ke1 b5 43. c4 bxc4 44. bxc4 Kg4 45. h4 e3 46. fxe3 Kxg3 47.
Bd4 Bxd4 48. exd4 Kg2 49. d5 f2+ 50. Kd2 cxd5 51. cxd5 f1=Q 52. d6 Qf4+ 53. Kd3 Qxd6+ 54. Kc4 Kf3 55. h5 Ke4 0-1

[Event "*** Titled Tuesday Blitz"]
[Site "Chess.com"]
[Date "2020.10.20"]
[Round "2"]
[White "Jungle_Jaguar"]
[Black "ciucas1892"]
[Result "0-1"]
[WhiteElo "2596"]
[BlackElo "2348"]
[TimeControl "180+1"]
[EndTime "10:18:15 PDT"]
[Termination "ciucas1892 won on time"]

1. e4 c5 2. Nf3 g6 3. c3 Bg7 4. d4 cxd4 5. cxd4 d5 6. e5 a6 7.
h3 f6 8. exf6 Nxf6 9. Nc3 O-O 10. Bd3 Nc6 11. O-O Nh5 12. Bg5 Nf4 13. Bc2 Kh8 14.
Re1 Qd6 15. Bb3 Be6 16. Bh4 Bxh3 17. gxh3 Nxh3+ 18. Kg2 Nf4+ 19. Kh1 Qd7 20. Ng1 Rf5 21. Qg4 h5 22. Qd1 g5 23. Bg3 h4 24. Bh2 Nxd4 25. Qg4 Nxb3 26. axb3 d4 27. Ne4 Qd5 28. Nf3 Nd3 29. Rg1 Qxe4 30. Qxe4 Nxf2+ 31. Kg2 Nxe4 32. Rge1 h3+ 33. Kxh3 Rxf3+ 34. Kg4 Re3 35. Rxe3 dxe3 36. Re1 Bd4 0-1

[Event "*** Titled Tuesday Blitz"]
[Site "Chess.com"]
[Date "2020.10.20"]
[Round "2"]
[White "HrvojeZagreb"]
[Black "DrVitman"]
[Result "0-1"]
[WhiteElo "2199"]
[BlackElo "2428"]
[TimeControl "180+1"]
[EndTime "10:18:15 PDT"]
[Termination "DrVitman won by resignation"]

1. d4 Nf6 2. Bf4 g6 3. Nc3 d5 4.
e3 Bg7 5. Bd3 O-O 6. h4 c5 7. h5 Nc6 8. hxg6 hxg6 9. dxc5 e5 10. Bh6 d4 11. exd4 exd4 12. Nce2 Ne5 13. Qd2 Nxd3+ 14. cxd3 Ng4 15. Bxg7 Kxg7 16. Qf4 Qa5+ 17. Kf1 Qxc5 18. Rc1 Qe5 19. Qxd4 Qxd4 20. Nxd4 Rd8 21. Ngf3 b6 22. Rc7 Kg8 23. Rh4 Nf6 24. Ng5 Bg4 25. Ndf3 Rac8 26. Rxf7 Re8 27. Kg1 Bxf3 28. gxf3 Nh5 29.
f4 Re1+ 30. Kg2 Rc2 31. f5 Re5 32. fxg6 Rxg5+ 33. Kf3 Rxg6 34. Rxa7 Rf6+ 35. Ke4 Ng7 36. Rg4 Rf7 37. Ra8+ Kh7 38. Rh4+ Kg6 39. Rg4+ Kf6 40. Rf4+ Ke6 41. Rxf7 Kxf7 42. Ra7+ Kf6 43. Ra6 Rxb2 44. a4 Ne6 45. a5 Nc5+ 46. Ke3 Nxa6 47. axb6 Rxb6 0-1

[Event "*** Titled Tuesday Blitz"]
[Site "Chess.com"]
[Date "2020.10.20"]
[Round "2"]
[White "Grineva_Marianna"]
[Black "Goryachkina"]
[Result "0-1"]
[WhiteElo "2258"]
[BlackElo "2660"]
[TimeControl "180+1"]
[EndTime "10:18:16 PDT"]
[Termination "Goryachkina won by checkmate"]

1. e4 e6 2. d4 d5 3. Nd2 Nf6 4.
e5 Nfd7 5. Bd3 b6 6. Qe2 a5 7. Nh3 Ba6 8. Bxa6 Nxa6 9. c3 c5 10. a3 g6 11. O-O Bg7 12. Re1 O-O 13. Nf1 h6 14. Ne3 cxd4 15. cxd4 Qh4 16. Rd1 Rfc8 17. Qb5 Rc7 18. f3 Nab8 19. Ng4 Nc6 20. Nhf2 Rac8 21.
g3 Qh5 22. Be3 g5 23. Kg2 Qg6 24. Rac1 h5 25. Nf6+ Nxf6 26. exf6 Bxf6 27. Qxb6 Bd8 28. Qa6 f5 29. Rc3 Ne7 30. Rdc1 Rxc3 31. Rxc3 Rxc3 32.
bxc3 f4 33. Qd6 fxe3 34. Qxd8+ Kf7 35. Nd1 e2 36. Qd6 exd1=Q 37. Qe5 Qgc2+ 38. Kh3 Qf5+ 39.
Qxf5+ exf5 40. g4 Qxf3# 0-1

[Event "*** Titled Tuesday Blitz"]
[Site "Chess.com"]
[Date "2020.10.20"]
[Round "2"]
[White "SergeyShtyka"]
[Black "Fins0905"]
[Result "1-0"]
[WhiteElo "2270"]
[BlackElo "2635"]
[TimeControl "180+1"]
[EndTime "10:18:16 PDT"]
[Termination "SergeyShtyka won by resignation"]

1. e4 d5 2. exd5 Qxd5 3. Nc3 Qa5 4. d4 Nf6 5. Nf3 Bf5 6. Bd3 Bxd3 7. Qxd3 c6 8. Bd2 e6 9. O-O-O Nbd7 10. Kb1 O-O-O 11. Rhe1 Qc7 12. h3 Bd6 13. Ne4 Nxe4 14. Qxe4 Nf6 15. Qe2 Nd5 16. c4 Nf4 17. Bxf4 Bxf4 18.
Ne5 Bxe5 19. Qxe5 Qxe5 20. dxe5 Kc7 21. Kc2 a5 22. b3 h5 23. h4 b5 24. cxb5 cxb5 25. a3 Kc6 26. f4 b4 27. axb4 axb4 28.
Re4 Rxd1 29. Kxd1 Kb5 30. Rc4 Rd8+ 31. Ke2 Rd7 32. g3 g6 33. Rc8 Ra7 34. Rb8+ Kc5 35. Rc8+ Kd5 36. Rc4 Rb7 37. Kd3 Rb8 38. Ke3 Rb7 39.
Kd3 Rd7 40. Rd4+ Kc6 41. Rxd7 Kxd7 42. Kc4 Ke7 43. Kxb4 f6 44. Kc5 1-0

[Event "*** Titled Tuesday Blitz"]
[Site "Chess.com"]
[Date "2020.10.20"]
[Round "2"]
[White "Slovak_fighter2000"]
[Black "grandcoach"]
[Result "1-0"]
[WhiteElo "2400"]
[BlackElo "2124"]
[TimeControl "180+1"]
[EndTime "10:18:16 PDT"]
[Termination "Slovak_fighter2000 won by resignation"]

1. d4 Nf6 2. c4 e6 3. Nf3 d5 4. Nc3 c5 5. cxd5 Nxd5 6. e4 Nxc3 7.
bxc3 cxd4 8. cxd4 Nc6 9. Bc4 Bb4+ 10. Bd2 Bxd2+ 11. Qxd2 O-O 12. O-O b6 13. Rac1 Bb7 14.
Rfd1 Rc8 15. Qf4 Qf6 16. Qxf6 gxf6 17. Bb3 Na5 18. d5 Nxb3 19. axb3 exd5 20. Rxc8 Rxc8 21. exd5 Bxd5 22. Nd4 Rc3 23. Nf5 Kf8 24. h3 Bc6 25.
Rd8+ Be8 26. Ra8 Rxb3 27. Nd6 Rb1+ 28. Kh2 Re1 29. Rxa7 Re6 30. Nf5 Bc6 31. Rc7 b5 32. Rc8+ Be8 33. Rb8 Re5 34. Nd6 Re6 35. Nxe8 Rxe8 36.
Rxb5 Kg7 37. Rf5 Re2 38. Kg3 Ra2 39. Rb5 Ra3+ 40. f3 Kg6 41. Kg4 Ra4+ 42. f4 h5+ 43. Rxh5 Ra2 44. g3 Ra3 45. Rb5 Ra2 46. h4 Ra3 47. h5+ Kg7 48. Kh4 Rb3 49. Rxb3 1-0

[Event "*** Titled Tuesday Blitz"]
[Site "Chess.com"]
[Date "2020.10.20"]
[Round "2"]
[White "avantage_ru"]
[Black "zverr1"]
[Result "1-0"]
[WhiteElo "2792"]
[BlackElo "2406"]
[TimeControl "180+1"]
[EndTime "10:18:17 PDT"]
[Termination "avantage_ru won by resignation"]

1. Nc3 e6 2. Nf3 d5 3. g3 Nf6 4. Bg2 c5 5. O-O Nc6 6. d3 Be7 7. e4 dxe4 8. Nxe4 Nxe4 9. dxe4 Qxd1 10. Rxd1 e5 11. c3 Be6 12. Ng5 Bxg5 13. Bxg5 f6 14. Be3 b6 15. Bf1 Ke7 16. Bb5 Na5 17. f4 Rad8 18.
fxe5 Bg4 19. exf6+ gxf6 20. Rxd8 Rxd8 21. e5 Rd5 22.
exf6+ Kxf6 23. Rf1+ Rf5 24. b4 Nb7 25. Bc6 Nd8 26. Be4 Rxf1+ 27. Kxf1 cxb4 28. cxb4 Bf5 29. Bf3 Nf7 30. Bd4+ Ke6 31. Kf2 Ne5 32. Bxe5 Kxe5 33. Ke3 Bb1 34. a3 a5 35. bxa5 bxa5 36. Be2 h6 37.
Bd3 Ba2 38. Be4 Be6 39. Bf3 Bf5 40. h4 Be6 41. g4 Bd7 42. Bd1 Be6 43. Kf3 Bd5+ 44. Kg3 Kd4 45. g5 hxg5 46. hxg5 Be4 47. Kf4 Bg6 48. Bg4 Kc3 49. Bf5 Bf7 50. Bd7 Bg6 51. Ke5 Kb3 52. a4 Bc2 53. Kf6 Kb4 54. g6 Kc5 55. g7 Bh7 56. Bf5 Bg8 57. Be6 Bh7 58. Kf7 Kd6 59. Bc4 Kc5 60. Bb5 1-0

[Event "*** Titled Tuesday Blitz"]
[Site "Chess.com"]
[Date "2020.10.20"]
[Round "2"]
[White "MarceloPlaya"]
[Black "OhanyanEminChess"]
[Result "1/2-1/2"]
[WhiteElo "2288"]
[BlackElo "2660"]
[TimeControl "180+1"]
[EndTime "10:18:18 PDT"]
[Termination "Game drawn by repetition"]

1. e4 e5 2. Nf3 Nc6 3. d4 exd4 4. Bc4 Nf6 5. Ng5 d5 6. exd5 Ne5 7. Qxd4 Nxc4 8.
Qxc4 Qxd5 9. Qe2+ Be6 10. O-O O-O-O 11. Nc3 Qc4 12. Nxe6 Qxe2 13. Nxe2 fxe6 14. Be3 Bd6 15. f3 Nd5 16. Bd4 Rhg8 17. c3 e5 18. Bf2 Nf4 19.
Nxf4 exf4 20. Rfe1 Rge8 21. Kf1 Kd7 22. Rxe8 Rxe8 23.
Re1 Rxe1+ 24. Kxe1 a6 25. Kd2 Ke6 26. Kd3 Kf5 27.
Kd4 c6 28. b3 Bb8 29. Kc4 Ke6 30. a4 Bd6 31. Kd3 Kf5 32. b4 b5 33. axb5 axb5 34.
Be1 Ke5 35. c4 bxc4+ 36. Kxc4 g6 37. Bf2 Ke6 38. Bc5 Be5 39. Bd4 Bd6 40. Bc3 Kd7 41. Kd3 Kc7 42. Kc4 Kd7 43. Kd4 Kc7 44. Kc4 Kd7 1/2-1/2

[Event "*** Titled Tuesday Blitz"]
[Site "Chess.com"]
[Date "2020.10.20"]
[Round "2"]
[White "ArjunErigaisi2003"]
[Black "DanielDardha2005"]
[Result "1-0"]
[WhiteElo "3033"]
[BlackElo "2618"]
[TimeControl "180+1"]
[EndTime "10:18:19 PDT"]
[Termination "ArjunErigaisi2003 won by resignation"]

1. e3 e5 2. c4 Nf6 3. Nc3 g6 4. Nf3 d6 5. d4 Nbd7 6. Be2 Bg7 7. O-O O-O 8. b3 e4 9. Nd2 Re8 10. a4 Nf8 11. a5 a6 12. b4 h5 13. c5 N8h7 14. Nc4 d5 15. Ne5 c6 16. Na4 Bf5 17.
Nb6 Rb8 18. Bd2 Nd7 19. Nexd7 Bxd7 20. Nxd7 Qxd7 21. Kh1 f5 22. Qe1 Rf8 23. f4 exf3 24.
gxf3 Rbe8 25. Rg1 f4 26. Rxg6 fxe3 27. Bc3 Re6 28. Rg2 Kh8 29. Qh4 Qf7 30. Rag1 Bh6 31. f4 Qxf4 32. Qxh5 Qe4 33. h3 Ng5 34. Kh2 Rf2 35.
Be1 Rxg2+ 36. Rxg2 Qxd4 37. Rxg5 Qf4+ 38. Rg3 d4 39.
Qg4 Qxg4 40. Rxg4 Bg7 41. Kg2 Re7 42. Bd3 Rd7 43. Kf3 Rf7+ 44. Rf4 Re7 45. Bc4 Rd7 46. Rh4+ 1-0